 Dungeon Crawl Stone Soup version 0.29-a0-648-g6b26cc9f40 (webtiles) character file.

Game seed: 10334218887135607877

1418 Conn the Firebug (level 8, -5/48 HPs)
             Began as an Octopode Fire Elementalist on June 20, 2022.
             Killed by divine providence
             ... invoked by an orc priest
              (12 damage)
             ... on level 5 of the Dungeon.
             The game lasted 00:18:24 (6152 turns).

Conn the Firebug (Octopode Fire Elementalist)       Turns: 6152, Time: 00:18:25

Health: -5/48      AC:  1    Str:  8    XL:     8   Next: 71%
Magic:  5/26       EV: 13    Int: 19    God:
Gold:   364        SH:  0    Dex: 12    Spells: 1/17 levels left

rFire   . . .      SeeInvis .   r - +4 dagger (drain)
rCold   . . .      Faith    .   (no shield)
rNeg    . . .      Spirit   .   (helmet restricted)
rPois   +          Reflect  .   (no amulet)
rElec   .          Harm     .   (no ring)
rCorr   .          Rampage  .   a - ring of flight
Will    .....                   v - ring of magical power
Stlth   ++++......              (no ring)
HPRegen 0.16/turn               (no ring)
MPRegen 0.20/turn               (no ring)
                                (no ring)
                                (no ring)

@: flying, very slightly contaminated
A: almost no armour, amphibious, 8 rings, camouflage 1, gelatinous body 1,
(nimble swimmer 1), tentacles, high MP 1, poison resistance
a: no special abilities


You were on level 5 of the Dungeon.
You visited 2 branches of the dungeon, and saw 7 of its levels.
You also visited: Sewer.

You collected 364 gold pieces.

Inventory:

Hand Weapons
 f - a +0 dagger
 i - a +0 dagger of holy wrath
 r - a +4 dagger of draining (weapon)
Missiles
 c - a curare-tipped dart
Armour
 o - a +2 tower shield
Jewellery
 a - a ring of flight (right tentacle)
 d - a ring of poison resistance
 v - a ring of magical power (on tentacle)
 w - the ring "Duw Hael" {Ice Str+3}
   (You found it on level 4 of the Dungeon)

   [ring of ice]

   It enhances your ice magic.
   Str:       It affects your strength (+3).
   rF:        It makes you vulnerable to fire.
   rC:        It protects you from cold.
 D - a ring of ice
 E - a ring of ice
Wands
 F - a wand of quicksilver (6)
Scrolls
 e - a scroll of noise
 h - 2 scrolls of amnesia
 j - a scroll of poison
 k - 2 scrolls of magic mapping
 n - a scroll of enchant weapon
 p - a scroll of immolation
 q - a scroll of fear
 t - a scroll of fog
 u - a scroll of enchant armour
 y - a scroll of brand weapon
 B - a scroll of teleportation {unknown}
 C - a scroll of identify
Potions
 b - 2 potions of attraction
 g - a potion of heal wounds
 l - 2 potions of lignification
 m - a potion of haste
 s - 2 potions of flight
 x - a potion of curing
 z - 2 potions of might
 A - a potion of ambrosia


   Skills:
 + Level 1.2 Fighting
 + Level 2.3 Short Blades
 + Level 2.7 Dodging
 + Level 4.4 Stealth
 + Level 0.2 Unarmed Combat
 + Level 5.2 Spellcasting
 * Level 4.5 Conjurations
 + Level 6.5 Fire Magic
 * Level 1.8 Earth Magic


You had one spell level left.
You knew the following spells:

 Your Spells              Type           Power      Damage    Failure   Level
a - Foxfire               Conj/Fire      100%       2x1d9     1%          1
b - Conjure Flame         Conj/Fire      26%        6-21      3%          3
c - Inner Flame           Hex/Fire       17%        N/A       10%         3
d - Flame Wave            Conj/Fire      26%        2d7       12%         4
e - Scorch                Fire           58%        2d8       1%          2
f - Stone Arrow           Conj/Erth      34%        3d9       10%         3

Your spell library contained the following spells:

 Spells                   Type           Power      Damage    Failure   Level
 Sandblast                Erth           22%        2d7       6%          1
 Passwall                 Tmut/Erth      6%         N/A       13%         2
 Sublimation of Blood     Necr           4%         N/A       19%         2
 Petrify                  Tmut/Erth      8%         N/A       63%         4
 Airstrike                Air            2%         N/A       77%         4
 Summon Lightning Spire   Summ/Air       4%         N/A       77%         4
 Irradiate                Conj/Tmut      6%         3d15      80%         5
 Lightning Bolt           Conj/Air       6%         1d18      80%         5


Dungeon Overview and Level Annotations

Branches:
Dungeon (6/15)             Temple (1/1) D:4           Sewer (visited)

Altars:
Gozag
Kikubaaqudgha
Makhleb
Okawaru
Qazlal
Ru
Wu Jian
Yredelemnul
Zin

Shops:
D:5 (


Innate Abilities, Weirdness & Mutations

You cannot wear most types of armour.
You are amphibious.
You can wear up to eight rings at the same time.
Your skin changes colour to match your surroundings (Stealth+).
Your rubbery body absorbs attacks. (AC +1, EV +1)
((You are camouflaged when in or above water. (Stealth+)))
You have tentacles for arms and can constrict up to eight enemies at once.
You have an increased reservoir of magic. (+10% MP)
Your system is resistant to poisons. (rPois)


Message History

Press: ? - help, Dir - look around, f - activate A wave of flame ripples out!
The flame wave engulfs the orc priest.
The orc priest is moderately wounded.
The flame wave engulfs the orc warrior!
The orc warrior is burned terribly!
You kill the orc warrior! (Press . to intensify the flame waves.)
The orc priest hits you with a +0 short sword.
A wave of flame ripples out!
The flame wave engulfs the orc priest!
The orc priest is severely wounded.
The flame wave engulfs the orc priest but does no damage.
The orc priest hits you with a +0 dagger.
An orc priest comes into view. It is wielding a +0 dagger.
The orc priest hits you with a +0 short sword.
Unknown command.
A wave of flame ripples out!
The flame wave engulfs the orc priest!
You kill the orc priest!
The flame wave engulfs the orc priest but does no damage.
The flame wave engulfs the orc priest.
The orc priest is moderately wounded.
You finish channelling waves of flame.
The orc priest closely misses you.
Unknown command.
Casting: Flame Wave (quite dangerous; 12% risk of failure)
Confirm with . or Enter, or press ? or * to list all spells.
Okay, then.
Casting: Flame Wave (quite dangerous; 12% risk of failure)
Confirm with . or Enter, or press ? or * to list all spells.
Flames lash the orc priest.
The orc priest is heavily wounded.
The orc priest's fire resistance burns away.
The orc priest invokes the aid of Beogh against you.
You struggle to resist.
Casting: Scorch (safe; 1% risk of failure)
Confirm with . or Enter, or press ? or * to list all spells.
Flames lash the orc priest but do no damage.
The orc priest mumbles some strange prayers to Beogh against you.
Pain shoots through your body!
* * * LOW HITPOINT WARNING * * *
The orc priest mumbles some strange prayers to Beogh against you.
Beogh smites you!
You die...

#.........###...#
###.........
#.........# #...#
#.........
#.........###...#
#.........
#####...........#
#+########
#...........######.
#...........#......
#...........)..o..h
#.....#'#.oo#......
#.....#.#..@# ..h.#
#.....#.+...# .o.#
#.....###...# ###
#.... #...# #...
#####


You could see 2 orc priests.

Vanquished Creatures
  Grinder (Sewer)
  2 black bears
  An orc warrior (D:5)
  An ogre (D:5)
  A phantom (D:4)
  2 kobold brigands (Sewer)
  A bullfrog (D:6)
  A scorpion (D:3)
  A quasit (Sewer)
  A hound (D:5)
  A jelly (D:5)
  4 orc priests
  An iguana (D:4)
  3 orc wizards
  8 adders
  2 shadow imps (Sewer)
  A white imp (D:5)
  3 ufetubi
  3 dart slugs
  10 orcs
  6 ball pythons
  3 endoplasms
  5 giant cockroaches
  10 goblins
  5 hobgoblins
  9 jackals
  25 kobolds
  3 quokkas
  7 bats
  4 frilled lizards
  A giant cockroach zombie (Sewer)
  A kobold zombie (Sewer)
  5 rats
132 creatures vanquished.

Vanquished Creatures (collateral kills)
  A foxfire (D:3)
1 creature vanquished.

Vanquished Creatures (others)
  An endoplasm (Sewer)
  A giant cockroach zombie (Sewer)
  479 foxfires
481 creatures vanquished.

Grand Total: 614 creatures vanquished

Notes
Turn   | Place    | Note
-------+----------+-------------------------------------------
     0 | D:1      | Conn the Octopode Fire Elementalist began the quest for the
                  | Orb.
     0 | D:1      | Reached XP level 1. HP: 11/11 MP: 3/3
   254 | D:1      | Reached XP level 2. HP: 17/17 MP: 0/5
  1165 | D:1      | Reached XP level 3. HP: 15/21 MP: 4/6
  1168 | D:1      | Learned a level 2 spell: Scorch
  1172 | D:1      | Learned a level 3 spell: Conjure Flame
  2082 | D:2      | Reached XP level 4. HP: 27/27 MP: 2/7
  2688 | D:3      | Noticed a scorpion
  2695 | D:3      | Killed a scorpion
  2696 | D:3      | Reached XP level 5. HP: 22/31 MP: 3/9
  2777 | D:3      | Gained mutation: You sometimes lose the ability to read
                  | scrolls when taking damage. [potion of mutation]
  2777 | D:3      | Gained mutation: You are agile. (Dex +4, Int/Str-1) [potion
                  | of mutation]
  2777 | D:3      | Gained mutation: You are dopey. (Int -2) [potion of
                  | mutation]
  2786 | D:3      | Reached skill level 4 in Fire Magic
  2954 | D:3      | Found a glowing drain.
  2966 | Sewer    | Entered a sewer
  3150 | Sewer    | Found a burning altar of Makhleb.
  3157 | Sewer    | Reached XP level 6. HP: 26/36 MP: 0/11
  3309 | Sewer    | Reached skill level 1 in Short Blades
  3684 | Sewer    | Noticed Grinder
  3690 | Sewer    | Killed Grinder
  3691 | Sewer    | Reached skill level 1 in Fighting
  3691 | Sewer    | Reached skill level 5 in Fire Magic
  3691 | Sewer    | Reached XP level 7. HP: 41/43 MP: 3/13
  4553 | D:4      | Reached XP level 8. HP: 48/48 MP: 14/14
  4610 | D:4      | Found a staircase to the Ecumenical Temple.
  4679 | D:4      | Identified the ring "Duw Hael" {Ice Str+3}
  4698 | Temple   | Entered the Ecumenical Temple
  5059 | D:4      | Learned a level 4 spell: Flame Wave
  5063 | D:4      | Learned a level 3 spell: Inner Flame
  5067 | D:4      | Learned a level 3 spell: Stone Arrow
  5381 | D:5      | Entered Level 5 of the Dungeon
  5535 | D:5      | Found Loejeasch's Weapon Shoppe.
  5644 | D:5      | Lost mutation: You are dopey. (Int -2) [potion of mutation]
  5644 | D:5      | Lost mutation: You sometimes lose the ability to read
                  | scrolls when taking damage. [potion of mutation]
  5644 | D:5      | Lost mutation: You are agile. (Dex +4, Int/Str-1) [potion
                  | of mutation]
  5644 | D:5      | Gained mutation: You have an increased reservoir of magic.
                  | (+10% MP) [potion of mutation]
  5644 | D:5      | Gained mutation: You are weak. (Str -2) [potion of
                  | mutation]
  5644 | D:5      | Gained mutation: Your system is resistant to poisons.
                  | (rPois) [potion of mutation]
  5644 | D:5      | Lost mutation: You are weak. (Str -2) [potion of mutation]
  5748 | D:5      | Reached skill level 6 in Fire Magic
  5748 | D:5      | Reached skill level 1 in Earth Magic
  6007 | D:5      | Reached skill level 5 in Spellcasting
  6152 | D:5      | Killed from afar by an orc priest

Illustrated notes

Levels and vault maps discovered:
D:1:      giann_horns, layout_loops_ring
D:2:      layout_rooms
D:3:      layout_basic, portal_sewer_entry_d
D:4:      layout_rooms, minmay_temple_entry_tees
D:5:      layout_basic, serial_shops, nicolae_square_shop, chequers_garden
D:6:      layout_rooms, gammafunk_ghost_nasty_kobolds, minmay_ruined_shrine
Temple:   nicolae_temple_figure_zero

Skill      XL: |  1  2  3  4  5  6  7  8 |
---------------+-------------------------+-----
Conjurations   | 2 3 4 |  4.5
Stealth        | 3 4 |  4.4
Spellcasting   | 3 4 5 |  5.2
Fire Magic     | 4 5 6 |  6.5
Short Blades   | 1 2 |  2.3
Fighting       | 1 |  1.2
Earth Magic    | 1 |  1.8
Dodging        | |  2.7
Unarmed Combat | |  0.2

Action                   |  1- 3 |  4- 6 |  7- 9 || total
-------------------------+-------+-------+-------++-------
Melee: Unarmed           |     5 |       |       ||     5
       Constrict         |     5 |    10 |     1 ||    16
       Tentacles         |     5 |     9 |       ||    14
       Dagger            |    16 |    55 |    10 ||    81
       Punch             |       |     2 |       ||     2
 Cast: Foxfire           |    64 |    87 |   123 ||   274
       Scorch            |       |    15 |    15 ||    30
       Conjure Flame     |       |       |     1 ||     1
       Flame Wave        |       |       |     1 ||     1
  Use: Scroll            |       |     8 |     5 ||    13
       Potion            |       |     7 |     1 ||     8
 Stab: Sleeping          |       |     1 |     4 ||     5
Armor: Skin              |     2 |    15 |       ||    17
Dodge: Dodged            |    13 |    48 |    10 ||    71

Table legend: (Time is in decaauts)
 A = Elapsed time spent in this place.
 B = Non-inter-level travel time spent in this place.
 C = Inter-level travel time spent in this place.
 D = Time resting spent in this place.
 E = Time spent auto-exploring this place.
 F = Levels seen in this place.
 G = Mean time per level.
                   A        B        C        D        E       F      G
               +--------+--------+--------+--------+--------+-----+--------+
         Total |   6144 |   6075 |     69 |      0 |   4830 |   8 |  768.0 |
       Dungeon |   5082 |   5013 |     69 |      0 |   3999 |   6 |  847.0 |
        Temple |    159 |    159 |      0 |      0 |    148 |   1 |  159.0 |
         Sewer |    901 |    901 |      0 |      0 |    683 |   1 |  901.0 |
               +--------+--------+--------+--------+--------+-----+--------+

Top non-repeatable levels by time:
     D:1: 1555 daAuts
     D:2: 1074 daAuts
   Sewer: 901 daAuts
     D:4: 874 daAuts
     D:3: 808 daAuts
     D:5: 670 daAuts
  Temple: 159 daAuts
     D:6: 98 daAuts
